| TOP OF THE 1ST |
|
Missoula Osprey batting - Pitching for Ogden Raptors : RHP Cory Fischer
|
|
Pitching: RHP Cory Fischer
|
|
|
Batting: RHB Hyeok Shon
|
0-0: SINGLE (Line Drive, 3D, EV 100.0 MPH)
|
|
Batting: RHB Orlando Florez
|
0-0: Called Strike 0-1: Ball 1-1: Ball Hyeok Shon is caught stealing 2nd base 2-4 2-1: Called Strike 2-2: Hit by Pitch
|
|
Batting: SHB Ed Vargas
|
0-0: Foul Ball, location: 2F 0-1: Called Strike 0-2: Strikes out swinging
|
|
Batting: RHB D.J. Cooke
|
0-0: Reaches on Catchers interference Orlando Florez to second
|
|
Batting: LHB Dallas Kelly
|
0-0: Foul Ball, location: 2F 0-1: Swinging Strike 0-2: Strikes out swinging
|
| Top of the 1st over - 0 runs, 1 hit, 1 error, 2 left on base; Missoula 0 - Ogden 0 |
| BOTTOM OF THE 1ST |
|
Ogden Raptors batting - Pitching for Missoula Osprey : RHP Sipi Mäkitie
|
|
Pitching: RHP Sipi Mäkitie
|
|
|
Batting: LHB Cory Bowler
|
0-0: Foul Ball, location: 2F 0-1: Swinging Strike 0-2: Strikes out looking
|
|
Batting: LHB Nate Kee
|
0-0: Called Strike 0-1: Called Strike 0-2: Foul Ball, location: 2F 0-2: Ball 1-2: Ball 2-2: Ground out 4-3 (Groundball, 4, EV 79.4 MPH)
|
|
Batting: RHB Chad Rojas
|
0-0: Ball 1-0: Ball 2-0: Fly out, F8 (Flyball, 8RD, EV 97.5 MPH)
|
| Bottom of the 1st over - 0 runs, 0 hits, 0 errors, 0 left on base; Missoula 0 - Ogden 0 |
| TOP OF THE 2ND |
|
Missoula Osprey batting - Pitching for Ogden Raptors : RHP Cory Fischer
|
|
Batting: RHB Daniel Rivera
|
0-0: Called Strike 0-1: Swinging Strike 0-2: Ground out 5-3 (Groundball, 56S, EV 85.0 MPH)
|
|
Batting: SHB Ethan Newby
|
0-0: Called Strike 0-1: Ball 1-1: Swinging Strike 1-2: Ground out 6-3 (Groundball, 6, EV 106.2 MPH)
|
|
Batting: RHB Zach Espinosa
|
0-0: Ball 1-0: Ball 2-0: Ball 3-0: Base on Balls
|
|
Batting: RHB Matt Bailey
|
0-0: Called Strike 0-1: Ground out 5-3 (Groundball, 5S, EV 75.0 MPH)
|
| Top of the 2nd over - 0 runs, 0 hits, 0 errors, 1 left on base; Missoula 0 - Ogden 0 |
| BOTTOM OF THE 2ND |
|
Ogden Raptors batting - Pitching for Missoula Osprey : RHP Sipi Mäkitie
|
|
Batting: LHB Mitchell Casey
|
0-0: Ball 1-0: Called Strike 1-1: Swinging Strike 1-2: Ball 2-2: Ball 3-2: Strikes out swinging
|
|
Batting: RHB Tommy Hunter
|
0-0: Called Strike 0-1: DOUBLE (Line Drive, 7LD, EV 101.2 MPH)
|
|
Batting: RHB Mike Kaczor
|
0-0: Foul Ball, location: 2F 0-1: 2-RUN HOME RUN (Flyball, 7D, EV 100.0 MPH), Distance : 395 ft
|
|
Batting: SHB Dave Reynoso
|
0-0: Called Strike 0-1: Foul Ball, location: 2F 0-2: Strikes out looking
|
|
Batting: RHB Brad Brady
|
0-0: Ball 1-0: Called Strike 1-1: Ball 2-1: Foul Ball, location: 2F 2-2: Foul Ball, location: 2F 2-2: Foul Ball, location: 2F 2-2: Ball 3-2: Ground out 5-3 (Groundball, 56, EV 103.8 MPH)
|
| Bottom of the 2nd over - 2 runs, 2 hits, 0 errors, 0 left on base; Missoula 0 - Ogden 2 |
| TOP OF THE 3RD |
|
Missoula Osprey batting - Pitching for Ogden Raptors : RHP Cory Fischer
|
|
Batting: RHB Hyeok Shon
|
0-0: Called Strike 0-1: Ball 1-1: Ground out 5-3 (Groundball, 5, EV 97.5 MPH)
|
|
Batting: RHB Orlando Florez
|
0-0: Foul Ball, location: 2F 0-1: DOUBLE (Line Drive, 89M, EV 101.9 MPH)
|
|
Batting: SHB Ed Vargas
|
0-0: Ball 1-0: Ball 2-0: Called Strike 2-1: Ball 3-1: Base on Balls
|
|
Batting: RHB D.J. Cooke
|
0-0: Foul Ball, location: 2F 0-1: Called Strike 0-2: Foul Ball, location: 2F 0-2: Strikes out looking
|
|
Batting: LHB Dallas Kelly
|
0-0: Ball 1-0: Swinging Strike 1-1: Foul Ball, location: 2F 1-2: Ball 2-2: Strikes out looking
|
| Top of the 3rd over - 0 runs, 1 hit, 0 errors, 2 left on base; Missoula 0 - Ogden 2 |
| BOTTOM OF THE 3RD |
|
Ogden Raptors batting - Pitching for Missoula Osprey : RHP Sipi Mäkitie
|
|
Batting: SHB Jason Todd
|
0-0: Ball 1-0: Ball 2-0: Ball 3-0: Called Strike 3-1: Fly out, F9 (Flyball, 9LSF, EV 91.9 MPH)
|
|
Batting: LHB Cory Bowler
|
0-0: Swinging Strike 0-1: Ball 1-1: SINGLE (Groundball, P, EV 89.4 MPH) (infield hit)
|
|
Batting: LHB Nate Kee
|
0-0: Called Strike 0-1: Called Strike 0-2: Strikes out swinging
|
|
Batting: RHB Chad Rojas
|
0-0: Foul Ball, location: 2F 0-1: Ball 1-1: Ball 2-1: Foul Ball, location: 2F 2-2: Strikes out swinging, 2-3 out at first.
|
| Bottom of the 3rd over - 0 runs, 1 hit, 0 errors, 1 left on base; Missoula 0 - Ogden 2 |
| TOP OF THE 4TH |
|
Missoula Osprey batting - Pitching for Ogden Raptors : RHP Cory Fischer
|
|
Batting: RHB Daniel Rivera
|
0-0: Ball 1-0: Swinging Strike 1-1: Ball 2-1: SOLO HOME RUN (Flyball, 7D, EV 96.2 MPH), Distance : 391 ft
|
|
Batting: SHB Ethan Newby
|
0-0: Ball 1-0: Ground out 4-3 (Groundball, 4, EV 92.5 MPH)
|
|
Batting: RHB Zach Espinosa
|
0-0: Foul Ball, location: 2F 0-1: Ball 1-1: Ball 2-1: Foul Ball, location: 2F 2-2: Strikes out swinging
|
|
Batting: RHB Matt Bailey
|
0-0: Ball 1-0: Called Strike 1-1: Swinging Strike 1-2: Strikes out swinging
|
| Top of the 4th over - 1 run, 1 hit, 0 errors, 0 left on base; Missoula 1 - Ogden 2 |
| BOTTOM OF THE 4TH |
|
Ogden Raptors batting - Pitching for Missoula Osprey : RHP Sipi Mäkitie
|
|
Batting: LHB Mitchell Casey
|
0-0: Called Strike 0-1: Ball 1-1: Ground out 4-3 (Groundball, 4M, EV 89.4 MPH)
|
|
Batting: RHB Tommy Hunter
|
0-0: Ball 1-0: Called Strike 1-1: Ground out 4-3 (Groundball, 4, EV 82.5 MPH)
|
|
Batting: RHB Mike Kaczor
|
0-0: Ball 1-0: Ball 2-0: Called Strike 2-1: Foul Ball, location: 2F 2-2: Ball 3-2: Base on Balls
|
|
Batting: SHB Dave Reynoso
|
0-0: Ball 1-0: Foul Ball, location: 2F 1-1: Ball 2-1: 2-RUN HOME RUN (Flyball, 89XD, EV 111.2 MPH), Distance : 418 ft
|
|
Batting: RHB Brad Brady
|
0-0: Ball 1-0: Called Strike 1-1: Called Strike 1-2: Ground out 5-3 (Groundball, 56, EV 93.8 MPH)
|
| Bottom of the 4th over - 2 runs, 1 hit, 0 errors, 0 left on base; Missoula 1 - Ogden 4 |
| TOP OF THE 5TH |
|
Missoula Osprey batting - Pitching for Ogden Raptors : RHP Cory Fischer
|
|
Batting: RHB Hyeok Shon
|
0-0: Ball 1-0: Fly out, F4 (Line Drive, 4, EV 67.5 MPH)
|
|
Batting: RHB Orlando Florez
|
0-0: Ball 1-0: SOLO HOME RUN (Flyball, 7D, EV 99.4 MPH), Distance : 384 ft
|
|
Batting: SHB Ed Vargas
|
0-0: Foul Ball, location: 2F 0-1: Foul Ball, location: 2F 0-2: Ball 1-2: Ball 2-2: Foul Ball, location: 2F 2-2: Strikes out looking
|
|
Batting: RHB D.J. Cooke
|
0-0: Ball 1-0: Ball 2-0: Swinging Strike 2-1: Ball 3-1: Called Strike 3-2: Base on Balls
|
|
Batting: LHB Dallas Kelly
|
0-0: Ground out 6-3 (Groundball, 6M, EV 83.1 MPH)
|
| Top of the 5th over - 1 run, 1 hit, 0 errors, 1 left on base; Missoula 2 - Ogden 4 |
| BOTTOM OF THE 5TH |
|
Ogden Raptors batting - Pitching for Missoula Osprey : RHP Sipi Mäkitie
|
|
Batting: SHB Jason Todd
|
0-0: Ball 1-0: Swinging Strike 1-1: Ground out 4-3 (Groundball, 34D, EV 97.5 MPH)
|
|
Batting: LHB Cory Bowler
|
0-0: Called Strike 0-1: Ball 1-1: Ball 2-1: Ball 3-1: Foul Ball, location: 2F 3-2: Base on Balls
|
|
Batting: LHB Nate Kee
|
0-0: Ball 1-0: Ball 2-0: Ball 3-0: Called Strike 3-1: Swinging Strike 3-2: Base on Balls Cory Bowler to second
|
|
Batting: RHB Chad Rojas
|
0-0: Reached on error, E1 (Groundball, 15S, EV 72.5 MPH) Cory Bowler to third Nate Kee to second
|
|
Batting: LHB Mitchell Casey
|
0-0: Fly out, F8 (Flyball, 89D, EV 83.1 MPH) Runner from 3rd tags up, SCORES, throw by CF Nate Kee to third
|
|
Pitching: RHP Victor Cisneros
|
|
|
Batting: RHB Tommy Hunter
|
0-0: Ball 1-0: Called Strike 1-1: Foul Ball, location: 2F 1-2: Foul Ball, location: 2F 1-2: SINGLE (Line Drive, 56D, EV 99.4 MPH) Nate Kee scores Chad Rojas to second
|
|
Batting: RHB Mike Kaczor
|
0-0: Ball 1-0: Ground out 3-1 (Groundball, 34, EV 82.5 MPH)
|
| Bottom of the 5th over - 2 runs, 1 hit, 1 error, 2 left on base; Missoula 2 - Ogden 6 |
| TOP OF THE 6TH |
|
Missoula Osprey batting - Pitching for Ogden Raptors : RHP Cory Fischer
|
|
Batting: RHB Daniel Rivera
|
0-0: Ball 1-0: Ball 2-0: Ball 3-0: Called Strike 3-1: Called Strike 3-2: Foul Ball, location: 2F 3-2: Foul Ball, location: 2F 3-2: Foul Ball, location: 2F 3-2: Fly out, F8 (Flyball, 8RD, EV 90.0 MPH)
|
|
Batting: SHB Ethan Newby
|
0-0: Ball 1-0: Ball 2-0: Foul Ball, location: 2F 2-1: SINGLE (Groundball, 4D, EV 106.2 MPH)
|
|
Batting: RHB Zach Espinosa
|
0-0: Ball 1-0: Called Strike 1-1: Called Strike 1-2: Ball 2-2: Foul Ball, location: 2F 2-2: Strikes out swinging
|
|
Batting: RHB Matt Bailey
|
0-0: Called Strike 0-1: Ball 1-1: Foul Ball, location: 2F 1-2: Fielders Choice at 2nd, 6-4 (Groundball, 6, EV 82.5 MPH)
|
| Top of the 6th over - 0 runs, 1 hit, 0 errors, 1 left on base; Missoula 2 - Ogden 6 |
| BOTTOM OF THE 6TH |
|
Ogden Raptors batting - Pitching for Missoula Osprey : RHP Victor Cisneros
|
|
Batting: SHB Dave Reynoso
|
0-0: Ball 1-0: Ball 2-0: Ball 3-0: Base on Balls
|
|
Batting: RHB Brad Brady
|
0-0: Called Strike 0-1: DOUBLE (Line Drive, 7LD, EV 110.6 MPH) Dave Reynoso to third
|
|
Batting: SHB Jason Todd
|
0-0: Called Strike 0-1: Foul Ball, location: 2F 0-2: Ball 1-2: Ball 2-2: Foul Ball, location: 2F 2-2: Ball 3-2: Foul Ball, location: 2F 3-2: Reached on error, E5 (Groundball, 56S, EV 69.4 MPH) Dave Reynoso scores Brad Brady to third
|
|
Batting: LHB Cory Bowler
|
0-0: Ball 1-0: Ball 2-0: Called Strike 2-1: Ball 3-1: Base on Balls Jason Todd to second
|
|
Batting: LHB Nate Kee
|
0-0: Called Strike 0-1: Ball 1-1: DOUBLE (Line Drive, 7LM, EV 105.6 MPH) Brad Brady scores Jason Todd scores Cory Bowler to third
|
|
Batting: RHB Chad Rojas
|
0-0: Swinging Strike 0-1: Called Strike 0-2: TRIPLE (Flyball, 9LD, EV 89.4 MPH) Cory Bowler scores Nate Kee scores
|
|
Pitching: RHP Ramiz JambakurIan
|
|
|
Batting: LHB Mitchell Casey
|
0-0: Swinging Strike 0-1: Ball 1-1: Foul Ball, location: 2F 1-2: Strikes out swinging
|
|
Batting: RHB Tommy Hunter
|
0-0: Ball 1-0: Reached via error on a dropped throw from 3B, E3 (Groundball, 5S, EV 66.9 MPH) Chad Rojas scores
|
|
Batting: RHB Mike Kaczor
|
0-0: Swinging Strike 0-1: Swinging Strike 0-2: Foul Ball, location: 2F 0-2: Ball 1-2: Ball 2-2: Foul Ball, location: 2F 2-2: Foul Ball, location: 2F 2-2: Foul Ball, location: 2F 2-2: Ball 3-2: Foul Ball, location: 2F 3-2: Strikes out swinging
|
|
Batting: SHB Dave Reynoso
|
0-0: Foul Ball, location: 2F 0-1: Called Strike 0-2: Ball 1-2: Ball 2-2: Ball 3-2: Base on Balls Tommy Hunter to second
|
|
Batting: RHB Brad Brady
|
0-0: Fielders Choice at 2nd, 6-4 (Groundball, 6, EV 110.6 MPH)
|
| Bottom of the 6th over - 6 runs, 3 hits, 2 errors, 2 left on base; Missoula 2 - Ogden 12 |
| TOP OF THE 7TH |
|
Missoula Osprey batting - Pitching for Ogden Raptors : RHP Cory Fischer
|
|
Batting: RHB Hyeok Shon
|
0-0: Swinging Strike 0-1: Ball 1-1: Ball 2-1: Ball 3-1: Base on Balls
|
|
Pitching: RHP Alfredo Sanchez
|
|
|
Pinch Hitting: RHB Jonathan Mora
|
0-0: Ball 1-0: Ball Hyeok Shon steals 2nd base (no throw) 2-0: Ball 3-0: Base on Balls
|
|
Batting: SHB Ed Vargas
|
0-0: Ball 1-0: Ball 2-0: Ball 3-0: Called Strike 3-1: Base on Balls Hyeok Shon to third Jonathan Mora to second
|
|
Batting: RHB D.J. Cooke
|
0-0: Called Strike 0-1: Ball 1-1: Called Strike 1-2: Foul Ball, location: 2F 1-2: Strikes out swinging
|
|
Batting: LHB Dallas Kelly
|
0-0: Ball 1-0: Called Strike 1-1: Called Strike 1-2: Ball 2-2: Foul Ball, location: 2F 2-2: Foul Ball, location: 2F 2-2: Ball 3-2: Foul Ball, location: 2F 3-2: Foul Ball, location: 2F 3-2: Foul Ball, location: 2F 3-2: Base on Balls Hyeok Shon scores Jonathan Mora to third Ed Vargas to second
|
|
Pitching: RHP Balinda Msrah
|
|
|
Batting: RHB Daniel Rivera
|
0-0: Ball 1-0: Called Strike 1-1: Fielders Choice at 2nd, 6-4 (Groundball, 6, EV 95.0 MPH) Jonathan Mora scores Ed Vargas to third
|
|
Batting: SHB Ethan Newby
|
0-0: Ball 1-0: Ball 2-0: Called Strike 2-1: Foul Ball, location: 2F 2-2: Ball 3-2: Foul Ball, location: 2F 3-2: Foul Ball, location: 2F 3-2: Base on Balls Daniel Rivera to second
|
|
Batting: RHB Zach Espinosa
|
0-0: Swinging Strike 0-1: Ball 1-1: Foul Ball, location: 2F 1-2: Ball 2-2: Strikes out swinging
|
| Top of the 7th over - 2 runs, 0 hits, 0 errors, 3 left on base; Missoula 4 - Ogden 12 |
| BOTTOM OF THE 7TH |
|
Ogden Raptors batting - Pitching for Missoula Osprey : RHP Ramiz JambakurIan
|
|
Now at 1B: Jonathan Mora
|
|
|
Batting: SHB Jason Todd
|
0-0: Ball 1-0: Called Strike 1-1: Ball 2-1: Ball 3-1: Foul Ball, location: 2F 3-2: Base on Balls
|
|
Batting: LHB Cory Bowler
|
0-0: Called Strike 0-1: SINGLE (Groundball, 56S, EV 70.0 MPH) (infield hit) Jason Todd to second
|
|
Batting: LHB Nate Kee
|
0-0: Ball 1-0: Foul Ball, location: 2F 1-1: Ball 2-1: Foul Ball, location: 2F 2-2: Fielders Choice at 2nd, 6-4 (Groundball, 6M, EV 86.9 MPH) Jason Todd to third
|
|
Batting: RHB Chad Rojas
|
0-0: Ball 1-0: 3-RUN HOME RUN (Flyball, 7D, EV 102.5 MPH), Distance : 399 ft
|
|
Batting: LHB Mitchell Casey
|
0-0: Ball 1-0: Called Strike 1-1: Foul Ball, location: 2F 1-2: Foul Ball, location: 2F 1-2: Foul Ball, location: 2F 1-2: Fly out, F4 (Flyball, 34D, EV 93.1 MPH)
|
|
Pinch Hitting: RHB Luis Hinostroza
|
0-0: Ground out 2-3 (Groundball, 2R, EV 68.1 MPH)
|
| Bottom of the 7th over - 3 runs, 2 hits, 0 errors, 0 left on base; Missoula 4 - Ogden 15 |
| TOP OF THE 8TH |
|
Missoula Osprey batting - Pitching for Ogden Raptors : RHP Balinda Msrah
|
|
Now at 1B: Luis Hinostroza
|
|
|
Batting: RHB Matt Bailey
|
0-0: Swinging Strike 0-1: Foul Ball, location: 2F 0-2: Ball 1-2: Foul Ball, location: 2F 1-2: Foul Ball, location: 2F 1-2: Strikes out swinging
|
|
Pitching: RHP Jeff Lewis
|
|
|
Batting: RHB Hyeok Shon
|
0-0: Fly out, F8 (Flyball, 8LM, EV 94.4 MPH)
|
|
Batting: RHB Jonathan Mora
|
0-0: Ball 1-0: Foul Ball, location: 2F 1-1: Ball 2-1: Ball 3-1: Base on Balls
|
|
Batting: SHB Ed Vargas
|
0-0: Called Strike 0-1: Ball 1-1: Ball 2-1: Foul Ball, location: 2F 2-2: DOUBLE (Line Drive, 7LD, EV 102.5 MPH) Jonathan Mora to third
|
|
Batting: RHB D.J. Cooke
|
0-0: Ball 1-0: Ball 2-0: Foul Ball, location: 2F 2-1: Foul Ball, location: 2F 2-2: Ball 3-2: Foul Ball, location: 2F 3-2: Base on Balls
|
|
Pitching: LHP Bill Esten
|
|
|
Batting: LHB Dallas Kelly
|
0-0: Called Strike 0-1: Called Strike 0-2: Ball 1-2: Strikes out swinging
|
| Top of the 8th over - 0 runs, 1 hit, 0 errors, 3 left on base; Missoula 4 - Ogden 15 |
| BOTTOM OF THE 8TH |
|
Ogden Raptors batting - Pitching for Missoula Osprey : RHP Ramiz JambakurIan
|
|
Pitching: RHP Vinny Segura
|
|
|
Batting: RHB Mike Kaczor
|
0-0: Called Strike 0-1: Fly out, F7 (Flyball, 7, EV 97.5 MPH)
|
|
Batting: SHB Dave Reynoso
|
0-0: Ground out 4-3 (Groundball, 4, EV 91.2 MPH)
|
|
Batting: RHB Brad Brady
|
0-0: Foul Ball, location: 2F 0-1: SINGLE (Groundball, 15S, EV 68.1 MPH) (infield hit)
|
|
Batting: SHB Jason Todd
|
0-0: Ball 1-0: Ball 2-0: Ball 3-0: Called Strike 3-1: Base on Balls Brad Brady to second
|
|
Batting: LHB Cory Bowler
|
0-0: Called Strike 0-1: SINGLE (Groundball, 6MS, EV 71.2 MPH) (infield hit) Brad Brady to third Jason Todd to second
|
|
Batting: LHB Nate Kee
|
0-0: Called Strike 0-1: Foul Ball, location: 2F 0-2: Ball 1-2: Ball 2-2: Strikes out swinging
|
| Bottom of the 8th over - 0 runs, 2 hits, 0 errors, 3 left on base; Missoula 4 - Ogden 15 |
| TOP OF THE 9TH |
|
Missoula Osprey batting - Pitching for Ogden Raptors : LHP Bill Esten
|
|
Batting: RHB Daniel Rivera
|
0-0: Called Strike 0-1: Ball 1-1: Ball 2-1: Ground out 5-3 (Groundball, 56S, EV 67.5 MPH)
|
|
Batting: SHB Ethan Newby
|
0-0: Swinging Strike 0-1: Ball 1-1: Swinging Strike 1-2: Strikes out swinging
|
|
Batting: RHB Zach Espinosa
|
0-0: Ball 1-0: Called Strike 1-1: Ball 2-1: Foul Ball, location: 2F 2-2: Ground out 4-3 (Groundball, 4, EV 93.1 MPH)
|
| Top of the 9th over - 0 runs, 0 hits, 0 errors, 0 left on base; Missoula 4 - Ogden 15 |
|